AoeStats
← 速上1500

Arabia

505012642Analyzed
1v1 RM · 26d ago on Sep 7, 2026· 26m 50s· 2 players
Game mode
Random Map
Map size
Tiny (2 player)
Population
200
Speed
Normal
Resources
Standard
Victory
Conquest
Starting age
Dark Age
Ending age
Imperial Age
RankedLock teamsTeams togetherTeam positionsShared explorationLock speedFull tech treeHidden civsTurbo modeCheats
Victory
Defeat
🇭🇰 Turks · Hong Kong SAR China
1475
+14
🇦🇷 Vietnamese · Argentina
1423
-14
速上1500
12:15 Loom
16:36 Feudal Age
17:21 Horse Collar
17:27 Double-Bit Axe
20:02 Castle Age
24:57 Imperial Age
23:32 Bow Saw
23:19 Gold Mining
26:08 Padded Archer Armor
Hago granjitas
4:18 Loom
11:05 Feudal Age
15:40 Double-Bit Axe
18:00 Fletching
22:53 Castle Age
21:34 Horse Collar
22:41 Gold Mining
22:41 Stone Mining
24:00 Bow Saw
24:43 Wheelbarrow
25:27 Town Watch
Connection lost

Rejoining the realm…

Still unreachable

The connection could not be restored.

Session expired

The server has moved on; the page needs a fresh start.